AoeStats
← Wgonzalez079389

Nomad

510040341Analyzed
4v4 RM · 3d ago on Sep 29, 2026· 26m 46s· 8 players
Game mode
Random Map
Map size
231×231
Population
200
Speed
Normal
Resources
Standard
Victory
Conquest
Starting age
Dark Age
Ending age
Imperial Age
RankedLock teamsTeams togetherTeam positionsShared explorationLock speedFull tech treeHidden civsTurbo modeCheats
Victory
Defeat
1288
+9
🇵🇪 Franks · Peru
1167
+13
🇵🇪 Vietnamese · Peru
1100
+16
🇵🇪 Italians · Peru
1096
+16
🇦🇷 Saracens · Argentina
1114
-14
1113
-14
🇳🇮 Vietnamese · Nicaragua
1107
-13
🇺🇸 Armenians · United States
1087
-13
MYTH NICAZ
4:53 Loom
14:09 Feudal Age
14:50 Fishing Lines
19:22 Castle Age
18:08 Scale Mail Armor
18:19 Forging
18:35 Double-Bit Axe
18:40 Gold Mining
18:50 Man-at-Arms
19:40 Long Swordsman
20:13 Gambesons
20:50 Chain Mail Armor
20:55 Two-Handed Swordsman
22:18 Pikeman
23:00 Squires
25:30 Wheelbarrow
24:43 Town Watch
希望大陸人有素質一點
11:02 Loom
14:27 Feudal Age
15:40 Double-Bit Axe
16:51 Fletching
23:32 Castle Age
26:55 Castle Age
QQ12346908
15:19 Feudal Age
15:31 Loom
19:20 Castle Age
20:00 Double-Bit Axe
20:59 Fletching
Wgonzalez079389
3:49 Loom
20:25 Feudal Age
21:07 Double-Bit Axe
Navi AoE
3:13 Loom
15:22 Feudal Age
19:51 Castle Age
17:49 Stone Mining
17:48 Double-Bit Axe
19:44 Wheelbarrow
19:38 Fletching
21:35 Bodkin Arrow
25:07 Thumb Ring
26:29 Murder Holes
26:56 Ballistics
ubertorresr
3:12 Loom
15:27 Feudal Age
16:47 Fishing Lines
19:32 Castle Age
18:09 Double-Bit Axe
18:28 Stone Mining
19:44 Forging
19:54 Scale Barding Armor
22:15 Iron Casting
24:15 Gold Mining
25:13 Gillnets
El gato feroz
2:55 Loom
15:15 Feudal Age
16:55 Gold Mining
19:35 Castle Age
17:33 Stone Mining
17:35 Double-Bit Axe
18:30 Scale Mail Armor
19:23 Forging
20:21 Fletching
21:08 Bodkin Arrow
22:13 Bow Saw
✪♛ Chapulin el dulce
5:22 Loom
13:48 Feudal Age
18:15 Castle Age
16:42 Gold Mining
17:11 Double-Bit Axe
18:24 Scale Barding Armor
18:52 Bloodlines
26:57 Fishing Lines
Connection lost

Rejoining the realm…

Still unreachable

The connection could not be restored.

Session expired

The server has moved on; the page needs a fresh start.